 Dungeon Crawl Stone Soup version 0.30-a0-996-ga6910c8ee8 (webtiles) character file.

Game seed: 366367072976958572

4 Maxmaps the Trooper (level 1, -3/18 HPs)
             Began as a Demonspawn Monk on Apr 5, 2023.
             Slain by a goblin
             ... wielding a +1 dagger of venom
              (4 damage)
             ... on level 1 of the Dungeon.
             The game lasted 00:00:27 (132 turns).

Maxmaps the Trooper (Demonspawn Monk)                Turns: 132, Time: 00:00:28

Health: -3/18      AC:  2    Str: 11    XL:     1   Next: 50%
Magic:  1/1        EV: 13    Int: 11    God:
Gold:   15         SH:  0    Dex: 15    Spells: 0/0 levels left

rFire   . . .      SeeInvis .      - Unarmed
rCold   . . .      Faith    .    (no shield)
rNeg    . . .      Spirit   .    a - +0 robe
rPois   .          Reflect  .    (no helmet)
rElec   .          Rampage  .    (no cloak)
rCorr   .                        (no gloves)
Will    .....                    (no boots)
Stlth   +                        (no amulet)
HPRegen 0.23/turn                (no ring)
MPRegen 0.07/turn                (no ring)

@: confused, lethally poisoned (-3 -> -14), ambrosia-drunk
A: no striking features
a: no special abilities


You were on level 1 of the Dungeon.
You visited 1 branch of the dungeon, and saw 1 of its levels.

You collected 15 gold pieces.

Inventory:

Armour
 a - a +0 robe (worn)


   Skills:
 - Level 3.1 Fighting
 - Level 2.8 Dodging
 - Level 1.7 Stealth
 + Level 2.8 Unarmed Combat


You couldn't memorise any spells.
You didn't know any spells.
Your spell library was empty.

Dungeon Overview and Level Annotations

Branches:
Dungeon (1/15)

Altars:


Message History

You are too injured to fight recklessly!
Unknown command.
You are too injured to fight recklessly!
You miss the goblin.
The goblin is moderately wounded.
You feel sick.
The giant cockroach bites you but does no damage.
The goblin hits you but does no damage.
You are lethally poisoned!
You closely miss the goblin.
The goblin is moderately wounded.
* * * LOW HITPOINT WARNING * * *
You feel very sick. The giant cockroach closely misses you.
The goblin hits you with a +1 dagger of venom.
* * * LOW HITPOINT WARNING * * *
You are confused.
You feel invigorated.
* * * LOW HITPOINT WARNING * * *
You feel sick. The giant cockroach closely misses you.
The goblin closely misses you. The giant cockroach misses you.
You completely miss the goblin.
The goblin is moderately wounded.
You feel sick.
The goblin hits you with a +1 dagger of venom.
* * * LOW HITPOINT WARNING * * *
You are more poisoned.
The giant cockroach bites you but does no damage.
You miss the goblin.
The goblin is moderately wounded.
* * * LOW HITPOINT WARNING * * *
You feel very sick. The giant cockroach closely misses you.
The goblin hits you with a +1 dagger of venom.
* * * LOW HITPOINT WARNING * * *
* * * LOW HITPOINT WARNING * * *
You feel very sick. The giant cockroach barely misses you.
The goblin hits you with a +1 dagger of venom.
You die...

#############.#...#
....... #...# ....
####### #...#
.....# # +...+
.....# ######
###...#+#......
#....#
#..............
#....#
#..†..$.......
#....#
#....#..g....>..#
#....# #...
#..B@.....## +....+
+... #.........#
#..(.###..
########'##
.#....##.# #.#
###....#.# #.# #
##.....#########
#.#
##.#....#.....###.#
####.............#
##.#.....#.####


You could see a giant cockroach and a goblin.

Vanquished Creatures
  A bat (D:1)
  An endoplasm (D:1)
  2 frilled lizards (D:1)
4 creatures vanquished.

Notes
Turn   | Place    | Note
-------+----------+-------------------------------------------
     0 | D:1      | Maxmaps the Demonspawn Monk began the quest for the Orb.
     0 | D:1      | Reached XP level 1. HP: 18/18 MP: 1/1
   132 | D:1      | Slain by a goblin

Illustrated notes

Levels and vault maps discovered:
D:1:      co_arrival_square_in_a_square_in_a_square, layout_basic, serial_shops,
          shop, nicolae_figureground_pulse

Action                     || total
---------------------------++-------
  Melee: Unarmed           ||    19
    Use: Potion            ||     1
 Armour: Robe              ||     9
  Dodge: Dodged            ||    24

Table legend: (Time is in decaauts)
 A = Elapsed time spent in this place.
 B = Non-inter-level travel time spent in this place.
 C = Inter-level travel time spent in this place.
 D = Time resting spent in this place.
 E = Time spent auto-exploring this place.
 F = Levels seen in this place.
 G = Mean time per level.
                   A        B        C        D        E       F      G
               +--------+--------+--------+--------+--------+-----+--------+
         Total |    131 |    131 |      0 |      0 |     98 |   1 |  131.0 |
       Dungeon |    131 |    131 |      0 |      0 |     98 |   1 |  131.0 |
               +--------+--------+--------+--------+--------+-----+--------+

Top non-repeatable levels by time:
     D:1: 131 daAuts
